 Dungeon Crawl Stone Soup version 0.31-a0-261-g072fdb8a1f (webtiles) character file.

Game seed: 9573793159181243829

46 qw the Shooter (level 3, -1/29 HPs)
             Began as a Minotaur Hexslinger on July 13, 2023.
             Slain by an iguana (12 damage)
             ... on level 2 of the Dungeon.
             The game lasted 00:00:23 (1027 turns).

qw the Shooter (Minotaur Hexslinger)                Turns: 1027, Time: 00:00:23

Health: -1/29      AC:  3    Str: 12    XL:     3   Next: 44%
Magic:  3/3        EV: 12    Int: 10    God:
Gold:   44         SH:  0    Dex: 14    Spells: 3/4 levels left

rFire   . . .        Y - +1 sling
rCold   . . .        (no shield)
rNeg    . . .        d - +0 leather armour
rPois   .            (helmet restricted)
rElec   .            (no cloak)
rCorr   .            (no gloves)
SInv    .            (no boots)
Will    .....        (no amulet)
Stlth   +            (no ring)
HPRegen 0.24/turn    (no ring)
MPRegen 0.08/turn

%: no passive effects
@: no status effects
A: horns 2, retaliatory headbutt
a: no special abilities


You were on level 2 of the Dungeon.
You visited 1 branch of the dungeon, and saw 2 of its levels.

You collected 44 gold pieces.


Innate Abilities, Weirdness & Mutations

You have a pair of horns on your head.
You reflexively headbutt those who attack you in melee.


   Skills:
 - Level 2.0 Fighting
 + Level 4.0 Ranged Weapons
 - Level 2.1 Dodging
 - Level 1.0 Spellcasting
 - Level 2.0 Hexes


You had 3 spell levels left.
You knew the following spells:

 Your Spells              Type           Power      Damage    Failure   Level
a - Slow                  Hex            16%        N/A       19%         1

Your spell library contained the following spells:

 Spells                   Type           Power      Damage    Failure   Level
 Inner Flame              Hex/Fire       2%         N/A       65%         3
 Portal Projectile        Hex/Tloc       4%         N/A       65%         3
 Cause Fear               Hex            2%         N/A       88%         4

Inventory:

Hand Weapons
 Y - a +1 sling (weapon)
Armour
 d - a +0 leather armour (worn)
Scrolls
 b - a scroll of enchant weapon {unknown}
 c - a scroll of fog {unknown}
Potions
 a - a potion of heal wounds {unknown}

Dungeon Overview and Level Annotations

Branches:
Dungeon (2/15)

Altars:


Message History

You kill the hobgoblin!
You see here a hobgoblin corpse.
You open the door.
There is an open door here.
As you open the door, it creaks loudly!
There is an open door here.
A kobold comes into view. It is wielding a +0 short sword.
Found 5 gold pieces.
Found a stone staircase leading down.
Enter note:
Enter note:
Enter note: You shoot a sling bullet.
The sling bullet hits the kobold.
You kill the kobold!
An iguana comes into view.
The iguana hisses angrily.
Enter note:
Enter note: You shoot a sling bullet.
The sling bullet hits the iguana but does no damage.
You shoot a sling bullet. The sling bullet hits the iguana.
The iguana is moderately wounded.
You shoot a sling bullet.
The sling bullet hits the iguana but does no damage.
The iguana is moderately wounded.
The iguana barely misses you.
You shoot a sling bullet.
The sling bullet hits the iguana but does no damage.
The iguana is moderately wounded.
The iguana barely misses you.
You shoot a sling bullet.
The sling bullet barely misses the iguana.
The iguana bites you! x2
You shoot a sling bullet.
The sling bullet closely misses the iguana.
The iguana closely misses you. You furiously retaliate!
You headbutt the iguana! You shoot a sling bullet.
The sling bullet hits the iguana but does no damage.
The iguana is severely wounded.
The iguana bites you!
You die...

..# #.# .# #.####.# #
.... #.. .... ## #.#.##
#.# #.## ##. ...... #.#
#..## ##..
...>#.###.####...####...
....................'...
.......l..##.....####...
.......@..##.##.## ##..
#.........##.#### ##.
#...!..)..##.# ##
#.........##.# #
#.........##.#
#.........##.#
#.........##.# #
####.#######.# ## #####.


You could see an iguana.

Vanquished Creatures
  An adder (D:2)
  A worm (D:2)
  A dart slug (D:1)
  4 ball pythons (D:1)
  2 endoplasms (D:1)
  2 giant cockroaches (D:1)
  3 goblins (D:1)
  2 hobgoblins
  4 jackals (D:1)
  3 kobolds
  2 quokkas (D:1)
  A frilled lizard (D:1)
  4 rats
30 creatures vanquished.

Notes
Turn   | Place    | Note
-------+----------+-------------------------------------------
     0 | D:1      | qw the Minotaur Hexslinger began the quest for the Orb.
     0 | D:1      | Reached XP level 1. HP: 16/16 MP: 1/1
     0 | D:1      | 0 ||| qw: Version: 0.3-a-52-g30416fa
     0 | D:1      | 0 ||| qw: Game counter: 7031
     0 | D:1      | 0 ||| qw: Melee chars always use a shield: true
     0 | D:1      | 0 ||| qw: God list: Okawaru
     0 | D:1      | 0 ||| qw: Allow faded altars: false
     0 | D:1      | 0 ||| qw: Do Orc after clearing Dungeon:15 true
     0 | D:1      | 0 ||| qw: Do second Lair branch before Depths: true
     0 | D:1      | 0 ||| qw: Lair rune preference: random
     0 | D:1      | 0 ||| qw: Goals: Normal
     0 | D:1      | 0 ||| PLANNING D:1-11
   178 | D:1      | Reached skill level 3 in Ranged Weapons
   208 | D:1      | Reached XP level 2. HP: 23/23 MP: 2/2
   225 | D:1      | Found a faded altar of an unknown god.
   609 | D:1      | Reached XP level 3. HP: 29/29 MP: 3/3
   782 | D:1      | 782 ||| UPGRADING to +0 leather armour.
   792 | D:1      | 792 ||| DROPPING +0 robe.
   793 | D:1      | 793 ||| READING scroll labelled FIUXUS QYO.
   794 | D:1      | 794 ||| READING scroll labelled CISAOXZOLAS.
   795 | D:1      | 795 ||| DROPPING scroll of poison.
   834 | D:2      | 834 ||| STAIRDANCE
   925 | D:2      | Reached skill level 4 in Ranged Weapons
  1027 | D:2      | Slain by an iguana

Levels and vault maps discovered:
D:1:      arrival_zaba_pyramid, layout_basic, ebering_ecumenical_altar_rust,
          minmay_tree_intersection, minmay_split_cup_large
D:2:      layout_loops_corners, uniq_robin

Skill      XL: |  1  2  3 |
---------------+----------+-----
Ranged Weapons | 3 4 |  4.0
Fighting       | 2 |  2.0
Dodging        | |  2.1
Spellcasting   | |  1.0
Hexes          | |  2.0

Action                     || total
---------------------------++-------
   Fire: Sling             ||    81
    Use: Scroll            ||     2
 Armour: Robe              ||     3
         Leather armour    ||     3
  Dodge: Dodged            ||    25

Table legend:
 A = Non-vault XP
 B = Vault XP
 C = Vault XP percentage of total XP
 D = Non-vault monster count
 E = Vault monster count
 F = Vault count percentage of total count
                 A         B        C        D         E       F
            +---------+---------+-------+---------+---------+-------
      Total |      60 |       6 |   9.1 |      26 |       4 |  13.3
            +---------+---------+-------+---------+---------+-------
        D:1 |      37 |       6 |  14.0 |      21 |       4 |  16.0
        D:2 |      23 |       0 |   0.0 |       5 |       0 |   0.0
            +---------+---------+-------+---------+---------+-------
